Map: Rohana LE

Players

Computer

  • Race: Zerg Zerg
  • Spawn Location: 11:00

llantero

  • Race: Protoss Protoss
  • Spawn Location: 9:00

iPlayDefense - Winner!

  • Race: Terran Terran
  • Spawn Location: 5:00

Oriana - Winner!

  • Race: Protoss Protoss
  • Spawn Location: 3:00

VOD

Have the link to the VOD?

Description

Time

  • Played on: April 12, 2025, 12:12 a.m.
  • Length: 5:47
Show
View Real Time Build Order
Export as new Build Order

Computer Zerg 

Build Orders:  

Get SALT Encoding   

  12  0:43  Overlord  
  12  0:44  Overlord  
  12  1:15  Drone  
  12  1:16  Drone x2  
  15  1:57  Extractor  
  14  2:03  Evolution Chamber  
  13  2:31  Drone  
  13  2:33  Drone x2  
  16  2:58  Drone  
  17  3:12  Extractor  
  16  3:45  Zerg Melee Weapons Level 1  
  16  4:03  Burrow  
Show
View Real Time Build Order
Export as new Build Order

llantero Protoss 

Build Orders:  

Get SALT Encoding   

  12  0:03  Probe  
  13  0:23  Pylon  
  13  0:30  Pylon  
  13  0:56  Gateway  
  13  1:00  Gateway  
  13  1:05  Gateway  
  13  1:08  Gateway  
  13  1:34  Pylon  
  13  1:38  Probe  
  14  1:50  Probe  
  15  2:02  Probe  
  16  2:15  Probe  
  17  2:18  Zealot x2  
  17  2:19  Zealot x2  
  25  2:45  Zealot  
  25  2:46  Zealot x3  
  33  3:12  Zealot  
  33  3:13  Zealot x2  
  39  3:28  Pylon  
  39  3:31  Pylon  
  39  3:42  Pylon  
  39  3:46  Zealot x4  
  45  4:13  Zealot x4  
  43  4:40  Zealot x2  
  45  5:07  Zealot x2  
  47  5:14  Zealot x2  
  47  5:20  Pylon  
Show
View Real Time Build Order
Export as new Build Order

iPlayDefense Terran - Winner!

Build Orders:  

Get SALT Encoding   

  12  0:30  Supply Depot  
  12  0:35  SCV, Refinery  
  13  0:47  SCV  
  14  0:57  Barracks  
  14  1:00  SCV  
  15  1:12  SCV  
  16  1:23  Supply Depot  
  16  1:26  SCV  
  17  1:44  Orbital Command  
  17  1:46  Barracks Reactor  
  17  1:57  Command Center  
  17  2:10  Engineering Bay  
  17  2:23  Marine x2  
  19  2:39  Barracks  
  19  2:41  Marine x2  
  19  2:42  SCV  
  22  2:54  SCV  
  23  3:06  SCV  
  23  3:08  Terran Infantry Weapons Level 1  
  23  3:10  Marine x2  
  26  3:18  SCV  
  27  3:24  SCV  
  28  3:28  Barracks Tech Lab, Marine x2  
  30  3:35  Supply Depot  
  30  3:36  SCV  
  31  3:43  SCV  
  31  3:45  Marine  
  31  3:46  Marine  
  34  3:48  SCV  
  34  3:55  SCV  
  36  4:00  SCV  
  37  4:05  Barracks  
  37  4:06  Combat Shield  
  37  4:07  SCV  
  38  4:12  SCV  
  38  4:19  SCV  
  39  4:25  SCV  
  40  4:31  SCV  
  40  4:37  SCV  
  42  4:51  Barracks  
  42  5:01  SCV x2  
  42  5:05  Barracks Tech Lab  
  44  5:12  Factory  
  44  5:13  SCV x2  
  46  5:15  Command Center  
  46  5:39  Barracks  
Show
View Real Time Build Order
Export as new Build Order

Oriana Protoss - Winner!

Build Orders: 1 Gate Expand, Blink Stalkers 

Get SALT Encoding   

  12  0:00  Probe  
  13  0:12  Probe  
  14  0:18  Pylon  
  14  0:24  Probe  
  15  0:36  Probe  
  15  0:40  Gateway  
  16  0:44  Probe  
  16  0:49  Assimilator  
  17  0:52  Probe  
  18  1:03  Probe  
  19  1:17  Probe  
  20  1:29  Cybernetics Core  
  20  1:35  Nexus  
  20  1:41  Pylon  
  20  1:46  Assimilator  
  20  1:50  Probe  
  21  2:02  Probe  
  22  2:09  Stalker, Warp Gate  
  24  2:18  Gateway  
  24  2:26  Twilight Council  
  24  2:41  Stalker  
  24  2:44  Blink  
  24  2:45  Probe  
  27  3:04  Stalker  
  27  3:05  Probe  
  27  3:06  Probe  
  27  3:12  Shield Battery  
  31  3:13  Probe  
  31  3:15  Probe  
  33  3:22  Probe  
  33  3:24  Probe  
  35  3:34  Probe  
  35  3:35  Stalker  
  35  3:37  Probe  
  39  3:55  Probe  
  40  4:03  Stalker  
  40  4:08  Probe x2  
  44  4:10  Assimilator  
  44  4:12  Assimilator  
  44  4:14  Gateway  
  44  4:18  Stalker  
  44  4:21  Pylon  
  46  4:31  Pylon  
  46  4:39  Probe x2  
  48  4:50  Stalker x2  
  48  4:51  Probe x2  
  54  4:56  Gateway  
  54  4:59  Gateway  
  54  5:03  Probe x2  
  56  5:25  Stalker x2  
  56  5:27  Probe x2  
  62  5:31  Pylon  
  62  5:32  Pylon  
  62  5:45  Nexus  
  62  5:47  Pylon  
Tags
 
Add a new tag
Caveats
  • Supply blocks, unpowered buildings, or Contaminate may cause inaccurate times.
  • Supply counts are checked every 10 seconds.